AoeStats
← Jesulito123

Black Forest

511789722Analyzed
4v4 RM · 13d ago on Oct 6, 2026· 46m 58s· 8 players
Game mode
Random Map
Map size
Large (8 player)
Population
200
Speed
Normal
Resources
Standard
Victory
Conquest
Starting age
Dark Age
Ending age
Imperial Age
RankedLock teamsTeams togetherTeam positionsShared explorationLock speedFull tech treeHidden civsTurbo modeCheats
Victory
Defeat
🇮🇳 Huns · India
1125
+14
🇨🇳 Jurchens · China
1107
+15
🇮🇳 Malay · India
1102
+15
🇫🇮 Britons · Finland
1023
+18
vs
🇧🇪 Bengalis · Belgium
1112
-17
🇪🇸 Spanish · Spain
1081
-16
🇩🇪 Burmese · Germany
1069
-15
🇸🇪 Persians · Sweden
1051
-14
Lennart Torstenson
8:46 Loom
10:58 Feudal Age
15:03 Castle Age
13:22 Double-Bit Axe
13:20 Horse Collar
16:30 Bow Saw
17:58 Heavy Plow
18:57 Bloodlines
19:12 Husbandry
19:22 Gold Mining
22:47 Scale Barding Armor
22:53 Forging
25:01 Chain Barding Armor
26:34 Wheelbarrow
27:59 Hand Cart
32:20 Iron Casting
34:36 Imperial Age
33:15 Gold Shaft Mining
32:30 Stone Mining
33:23 Coinage
33:08 Fletching
33:41 Ballistics
33:16 Murder Holes
33:32 Masonry
36:16 Banking
35:59 Bodkin Arrow
37:07 Chemistry
36:38 Architecture
36:34 Conscription
36:50 Hoardings
37:19 Plate Barding Armor
37:45 Blast Furnace
37:22 Town Watch
39:50 Elite War Elephant
Sakullius-of-Coursistan
2:02 Loom
12:48 Feudal Age
13:47 Man-at-Arms
21:11 Town Watch
29:25 Castle Age
27:28 Gold Mining
28:30 Fletching
30:14 Elite Skirmisher
30:51 Bodkin Arrow
30:56 Padded Archer Armor
38:12 Horse Collar
Goatzilla
1:21 Loom
11:15 Feudal Age
17:42 Castle Age
19:33 Horse Collar
19:40 Double-Bit Axe
25:15 Wheelbarrow
24:49 Heavy Plow
25:39 Fletching
27:00 Bodkin Arrow
27:49 Town Watch
28:31 Hand Cart
28:48 Bloodlines
28:39 Husbandry
32:29 Imperial Age
31:00 Ballistics
31:07 Padded Archer Armor
31:13 Scale Barding Armor
33:07 Elite Elephant Archer
34:12 Bracer
34:30 Leather Archer Armor
37:03 Chemistry
38:17 Paiks
38:35 Conscription
39:40 Caravan
40:54 Ring Archer Armor
42:58 Masonry
Jesulito123
3:16 Loom
11:22 Feudal Age
15:39 Castle Age
13:51 Double-Bit Axe
16:30 Bow Saw
17:44 Wheelbarrow
18:12 Horse Collar
21:43 Heavy Plow
25:47 Hand Cart
25:30 Gold Mining
28:12 Imperial Age
26:19 Town Watch
26:46 Forging
27:14 Bloodlines
27:04 Husbandry
28:28 Cavalier
29:14 Stone Mining
30:16 Paladin
31:45 Caravan
34:02 Iron Casting
33:32 Scale Barding Armor
34:22 Stone Shaft Mining
33:49 Fletching
35:31 Two-Man Saw
35:28 Conscription
36:12 Blast Furnace
36:52 Chain Barding Armor
36:27 Bodkin Arrow
37:26 Padded Archer Armor
38:58 Ballistics
39:38 Chemistry
39:46 Bracer
43:22 Elite Skirmisher
Maverick
0:37 Loom
13:03 Feudal Age
16:44 Castle Age
15:23 Horse Collar
15:29 Double-Bit Axe
16:56 Wheelbarrow
16:14 Gold Mining
16:18 Stone Mining
18:00 Wheelbarrow
18:48 Heavy Plow
27:10 Hand Cart
26:40 Town Watch
27:27 Marauders
28:05 Gold Shaft Mining
27:41 Bow Saw
28:51 Fervor
32:20 Imperial Age
31:00 Bloodlines
30:50 Husbandry
30:42 Fletching
30:52 Padded Archer Armor
31:03 Forging
30:53 Scale Mail Armor
31:00 Scale Barding Armor
31:45 Bodkin Arrow
32:25 Town Patrol
32:53 Leather Archer Armor
34:04 Two-Man Saw
33:42 Conscription
32:46 Elite Tarkan
33:55 Parthian Tactics
34:31 Iron Casting
35:03 Chain Barding Armor
34:43 Bracer
34:55 Heavy Cavalry Archer
40:52 Ballistics
41:42 Chemistry
40:54 Masonry
40:41 Murder Holes
41:26 Plate Barding Armor
41:51 Blast Furnace
42:39 Thumb Ring
43:25 Caravan
耿直的萌新
14:34 Feudal Age
15:57 Loom
19:29 Castle Age
21:02 Wheelbarrow
26:22 Double-Bit Axe
28:19 Bow Saw
30:46 Forging
34:20 Horse Collar
35:47 Heavy Plow
41:42 Imperial Age
40:21 Hand Cart
41:31 Iron Casting
41:01 Squires
40:47 Gambesons
41:08 Fishing Lines
45:27 Elite Fire Lancer
Avalon
4:07 Loom
13:03 Feudal Age
12:49 Horse Collar
12:56 Double-Bit Axe
17:04 Castle Age
22:24 Wheelbarrow
23:19 Town Watch
23:52 Hand Cart
25:11 Gold Mining
25:12 Stone Mining
27:41 Forging
31:26 Imperial Age
29:58 Husbandry
31:36 Iron Casting
31:41 Conscription
31:15 Elite Battle Elephant
32:34 Caravan
32:48 Heavy Plow
34:25 Blast Furnace
34:47 Scale Barding Armor
36:30 Crop Rotation
42:05 Chemistry
41:26 Ballistics
Tatu シ☆
3:44 Loom
12:59 Feudal Age
14:27 Horse Collar
14:35 Double-Bit Axe
14:43 Gold Mining
17:56 Castle Age
16:22 Stone Mining
24:37 Padded Archer Armor
25:09 Ballistics
25:42 Leather Archer Armor
25:17 Fletching
25:55 Heavy Plow
26:15 Bow Saw
27:57 Wheelbarrow
28:44 Bodkin Arrow
31:13 Hand Cart
36:18 Imperial Age
37:34 Elite Longbowman
39:07 Warwolf
41:15 Chemistry
40:48 Ring Archer Armor
40:18 Bracer
41:21 Yeomen
41:45 Bracer
45:04 Scale Mail Armor
45:14 Forging
44:29 Pikeman
45:10 Squires
44:56 Arson
46:56 Two-Man Saw
45:33 Halberdier
46:57 Gold Shaft Mining
Connection lost

Rejoining the realm…

Still unreachable

The connection could not be restored.

Session expired

The server has moved on; the page needs a fresh start.